 Dungeon Crawl Stone Soup version 0.30-a0-279-g4b46babb21 (webtiles) character file.

Game seed: 5911766073753268667

48059 lunkers the Basher (level 14, -12/135 HPs)
             Began as an Armataur Reaver on Oct 16, 2022.
             Was the Champion of Dithmenos.
             Killed from afar by Jorgrun (57 damage)
             ... with an iron shot
             ... on level 1 of the Orcish Mines.
             The game lasted 00:22:02 (14151 turns).

lunkers the Basher (Armataur Reaver)               Turns: 14151, Time: 00:22:03

Health: -12/135    AC: 19    Str: 24    XL:     14   Next: 10%
Magic:  2/16       EV:  5    Int: 12    God:    Dithmenos [******]
Gold:   869        SH: 12    Dex: 17    Spells: 11/16 levels left

rFire   . . .      SeeInvis +    a - +3 eveningstar of the Crawling Thing {vorpal, Str+6 Int-2}
rCold   . . .      Faith    .    B - +0 kite shield
rNeg    . . .      Spirit   .    G - +7 ring mail of Wasted Space {rPois Will+}
rPois   +          Reflect  .    Q - +0 mask of the Dragon {Will+ Slay+3 SInv}
rElec   .          Harm     .    (no cloak)
rCorr   .          Roll     +    D - +1 pair of gloves "Tulun" {Str-4 Dex+8}
Will    +++..                    (no barding)
Stlth   +.........               z - amulet of regeneration
HPRegen 1.22/turn                J - +4 ring of protection
MPRegen 0.15/turn                y - +4 ring of slaying

@: grasped by roots, wreathed by umbra, constricted, studying Unarmed Combat
A: large, rugged brown scales 3, deformed body, armoured tail, roll, long
tongue, awkward tongue
a: Renounce Religion, Shadow Step, Shadow Form


You were on level 1 of the Orcish Mines.
You worshipped Dithmenos.
Dithmenos was exalted by your worship.
You visited 3 branches of the dungeon, and saw 16 of its levels.

You collected 1336 gold pieces.
You spent 467 gold pieces at shops.

Inventory:

Hand Weapons
 a - the +3 eveningstar of the Crawling Thing (weapon) {vorpal, Str+6 Int-2}
   (You acquired it on level 5 of the Lair of Beasts)

   It inflicts extra damage upon your enemies.
   Str:       It affects your strength (+6).
   Int:       It affects your intelligence (-2).
 b - a +3 flail of protection
 p - a +0 morningstar of protection
Missiles
 m - 2 datura-tipped darts
 r - 12 javelins
 u - 8 poisoned darts
 x - 6 atropa-tipped darts
 I - 3 boomerangs
Armour
 B - a +0 kite shield (worn)
 D - the +1 pair of gloves "Tulun" (worn) {Str-4 Dex+8}
   (You found it on level 9 of the Dungeon)

   Str:       It affects your strength (-4).
   Dex:       It affects your dexterity (+8).
 G - the +7 ring mail of Wasted Space (worn) {rPois Will+}
   (You found it on level 6 of the Dungeon)

   rPois:     It protects you from poison.
   Will:      It increases your willpower.
 Q - the +0 mask of the Dragon (worn) {Will+ Slay+3 SInv}
   (You bought it in a shop on level 5 of the Dungeon)

   Slay:      It affects your accuracy & damage with ranged weapons and melee
   (+3).
   SInv:      It lets you see invisible.
   Will:      It increases your willpower.
Jewellery
 j - a ring of willpower
 s - a +6 ring of strength
 y - a +4 ring of slaying (right hand)
 z - an amulet of regeneration (around neck)
 F - a ring of resist corrosion
 H - a ring of wizardry
 J - a +4 ring of protection (left hand)
 M - an amulet of guardian spirit
 O - a ring of willpower
Wands
 n - a wand of paralysis (19)
Scrolls
 c - 4 scrolls of fear
 k - 8 scrolls of teleportation
 l - 3 scrolls of poison
 o - 2 scrolls of blinking
 C - 4 scrolls of identify
 K - a scroll of silence
 L - 3 scrolls of enchant armour
 R - 5 scrolls of enchant weapon
 U - a scroll of amnesia
Potions
 d - 2 potions of ambrosia
 e - a potion of berserk rage
 f - 3 potions of flight
 g - 4 potions of mutation
 h - 2 potions of attraction
 i - 3 potions of might
 q - 5 potions of lignification
 t - 2 potions of degeneration
 v - a potion of curing {unknown}
 w - a potion of invisibility
 A - 4 potions of haste {unknown}
 E - 3 potions of brilliance
 N - a potion of heal wounds {unknown}
 P - a potion of magic {unknown}
Miscellaneous
 S - a phial of floods
 T - a phantom mirror


   Skills:
 + Level 12.5 Fighting
 * Level 14.1 Maces & Flails
 - Level 5.0 Armour
 - Level 1.3 Dodging
 - Level 10.0 Shields
 - Level 1.7 Spellcasting
 - Level 2.6 Conjurations
 + Level 11.0 Translocations


You had 11 spell levels left.
You knew the following spells:

 Your Spells              Type           Power      Damage    Failure   Level
b - Manifold Assault      Tloc           27%        N/A       9%          4
p - Kiss of Death         Conj/Necr      16%        2d6       41%         1

Your spell library contained the following spells:

 Spells                   Type           Power      Damage    Failure   Level
 Blink                    Tloc           54%        N/A       1%          2
 Momentum Strike          Conj/Tloc      34%        3d8       7%          2
 Iskenderun's Mystic Bla  Conj/Tloc      17%        2d5       43%         4
 Freeze                   Ice            4%         1d3       61%         1
 Slow                     Hex            4%         N/A       61%         1
 Cigotuvi's Dreadful Rot  Necr/Pois/Air  2%         N/A       75%         2
 Ensorcelled Hibernation  Hex/Ice        2%         N/A       75%         2
 Poisonous Vapours        Pois/Air       2%         N/A       75%         2
 Sublimation of Blood     Necr           1%         N/A       75%         2
 Wereblood                Tmut           1%         N/A       75%         2
 Dazzling Flash           Conj/Hex       8%         N/A       80%         3
 Hailstorm                Conj/Ice       4%         3d4       80%         3
 Mephitic Cloud           Conj/Pois/Air  3%         N/A       85%         3
 Summon Forest            Summ/Tloc      7%         N/A       92%         5
 Confusing Touch          Hex            1%         N/A       93%         3
 Frozen Ramparts          Ice            2%         1d1       93%         3
 Spider Form              Tmut/Pois      1%         N/A       93%         3
 Vampiric Draining        Necr           1%         2d6       93%         3
 Anguish                  Hex/Necr       0%         N/A       100%        4
 Dispel Undead            Necr           1%         3d6       100%        4
 Starburst                Conj/Fire      2%         6d3       100%        6
 Storm Form               Tmut/Air       0%         N/A       100%        7
 Summon Hydra             Summ           0%         N/A       100%        7
 Dragon's Call            Summ           0%         N/A       100%        9


Dungeon Overview and Level Annotations

Branches:
Dungeon (9/15)             Temple (0/1) D:4            Lair (5/5) D:9
  Swamp (0/4) Lair:2       Spider (0/4) Lair:2        Slime (0/5) Lair:4
    Orc (2/2) D:9
    Elf: Orc:2

Altars:
Dithmenos
Qazlal
Ru
Vehumet
The Shining One
Jiyva

Shops:
D:4 *   D:5 (*!:   D:9 *

Annotations:
D:8 3 runed translucent doors, beryleye's ghost, novice TrGl
Lair:1 2 transporters
Orc:1 Jorgrun


Innate Abilities, Weirdness & Mutations

You are completely covered in rugged brown scales. (AC +3, +7% HP)
Armour fits poorly on your strangely shaped body.
You have a long armoured tail.
You roll when moving toward enemies. (Rampage)
Your long tongue fully drains potion bottles. (2x potion effects)
Your tongue gives you trouble enunciating. (1.5x scroll delay)


Message History

Jorgrun hits you with a staff of earth!
You sock Jorgrun! You tail-slap Jorgrun!
Jorgrun is moderately wounded.
Jorgrun hits you with a staff of earth! Jorgrun shatters you!
You sock Jorgrun!
Jorgrun is heavily wounded.
Your shadow hits Jorgrun but does no damage.
Jorgrun points at you and mumbles some strange words.
Roots burst forth from the earth!
The grasping roots grab you! The grasping roots constrict you.
You barely miss Jorgrun. You tail-slap Jorgrun.
Jorgrun is heavily wounded.
Jorgrun hits you but does no damage. The grasping roots constrict you!
You puncture Jorgrun! You tail-slap Jorgrun.
Jorgrun is heavily wounded.
You hit Jorgrun but do no damage.
Jorgrun is heavily wounded.
Jorgrun hits you but does no damage. Jorgrun shatters you!
* * * LOW HITPOINT WARNING * * *
The grasping roots constrict you!
* * * LOW HITPOINT WARNING * * *
You miss Jorgrun.
Your tail-slap misses Jorgrun.
Jorgrun is heavily wounded.
Jorgrun barely misses you. The grasping roots constrict you!
* * * LOW HITPOINT WARNING * * *
You impale Jorgrun!!
Jorgrun is severely wounded.
You block Jorgrun's attack. The grasping roots constrict you.
* * * LOW HITPOINT WARNING * * *
You sock Jorgrun!
Jorgrun is almost dead.
You block Jorgrun's attack. The grasping roots constrict you!
* * * LOW HITPOINT WARNING * * *
Unknown command.
You closely miss Jorgrun. You tail-slap Jorgrun.
Jorgrun is almost dead.
Jorgrun points at you and mumbles some strange words.
The iron shot hits you!!!
You die...

#..........#..##
##.#...........#####
##.......##....#..##
##...........#....#
##..........##..##
#............#.######
##................##.##
#....#..[).........[..##
##......)<@.....#.##...#
#.......[g[....#####...#
##.............# ##.##
##.#........[..## ###
#............).)#####
##....#..........##.##
##....###.....#..#....#
##...### ##...#.......##
##....# ##..........##


You could see Jorgrun.

Vanquished Creatures
  Rupert (Lair:5)
  Gastronok (Orc:1)
  A fire dragon (Lair:5)
  A catoblepas (Lair:5)
  A hydra (Lair:4)
  3 death yaks
  Pikel (D:7)
  2 lindwurms (Lair:5)
  An oklob plant (Lair:5)
  20 elephants
  9 black mambas
  7 torpor snails
  11 cane toads
  2 rime drakes (Lair:1)
  5 komodo dragons
  3 tyrant leeches (Lair:5)
  2 polar bears
  7 hornets
  10 blink frogs
  18 dream sheep
  52 yaks
  Sigmund (D:2)
  4 fire bats (D:8)
  3 basilisks
  4 wyverns
  A steam dragon (D:8)
  4 vampire mosquitoes (Lair:2)
  A hell hound (D:8)
  7 wargs
  11 water moccasins
  3 sky beasts
  6 orc warriors
  3 ice beasts
  3 ogres
  11 wolves
  10 bullfrogs
  2 necrophages
  5 wights
  A howler monkey (D:7)
  An electric eel (Lair:3)
  9 orc priests
  2 jellies
  5 hounds
  2 iguanas
  12 orc wizards
  7 hell rats (Lair:4)
  7 adders
  A shadow imp (D:5)
  2 white imps (D:6)
  An ufetubus (D:5)
  A worm (D:4)
  29 orcs
  7 endoplasms
  5 giant cockroaches
  6 goblins
  8 hobgoblins
  3 jackals (D:2)
  8 kobolds
  4 quokkas
  2 ball pythons
  6 bats
  5 frilled lizards
  4 rats
  A fire vortex (D:8)
376 creatures vanquished.

Vanquished Creatures (others)
  A bush (Lair:5)
  2 fire vortices (D:8)
  34 fungi
  48 plants
85 creatures vanquished.

Grand Total: 461 creatures vanquished

Notes
Turn   | Place    | Note
-------+----------+-------------------------------------------
     0 | D:1      | lunkers the Armataur Reaver began the quest for the Orb.
     0 | D:1      | Reached XP level 1. HP: 18/18 MP: 3/3
   194 | D:1      | Reached skill level 3 in Maces & Flails
   365 | D:1      | Reached XP level 2. HP: 25/25 MP: 4/4
   378 | D:1      | Found a faded altar of an unknown god.
   383 | D:1      | Prayed at the altar of an unknown god.
   383 | D:1      | Became a worshipper of Dithmenos the Shadowed
   383 | D:1      | Reached * piety under Dithmenos
   991 | D:2      | Noticed Sigmund
  1483 | D:2      | Killed Sigmund
  1484 | D:2      | Reached skill level 5 in Maces & Flails
  1484 | D:2      | Reached XP level 3. HP: 16/31 MP: 0/5
  1484 | D:2      | Reached XP level 4. HP: 20/38 MP: 0/6
  1484 | D:2      | Reached XP level 5. HP: 22/43 MP: 0/7
  1693 | D:2      | Reached ** piety under Dithmenos
  2380 | D:3      | Noticed a sky beast
  2391 | D:3      | Killed a sky beast
  2392 | D:3      | Reached skill level 6 in Maces & Flails
  2392 | D:3      | Reached XP level 6. HP: 19/47 MP: 5/8
  2904 | D:3      | Found a glowing golden altar of the Shining One.
  3326 | D:4      | Found Unaxaod's Elemental Accessories.
  3538 | D:4      | Reached *** piety under Dithmenos
  3543 | D:5      | Entered Level 5 of the Dungeon
  3575 | D:5      | Reached XP level 7. HP: 42/43 MP: 9/9
  3599 | D:5      | Reached skill level 7 in Maces & Flails
  3868 | D:4      | Found a staircase to the Ecumenical Temple.
  3969 | D:4      | Found a stormy altar of Qazlal.
  4094 | D:5      | Found Affu's Antique Weapon Shoppe.
  4096 | D:5      | Found Jikuif's General Store.
  4103 | D:5      | Found Radac's Book Shoppe.
  4105 | D:5      | Found Cyerot's Distillery.
  4607 | D:6      | Reached skill level 8 in Maces & Flails
  4626 | D:6      | Found a radiant altar of Vehumet.
  4656 | D:6      | Found a shadowy altar of Dithmenos.
  4703 | D:6      | Reached XP level 8. HP: 69/70 MP: 10/10
  5024 | D:6      | Identified the +7 ring mail of Wasted Space {rPois Will+}
  5459 | D:7      | Reached skill level 1 in Armour
  5459 | D:7      | Reached skill level 1 in Shields
  5651 | D:7      | Noticed Pikel
  5652 | D:7      | Reached skill level 9 in Maces & Flails
  5660 | D:7      | Reached skill level 5 in Fighting
  5671 | D:7      | Killed Pikel
  5672 | D:7      | Reached XP level 9. HP: 66/79 MP: 11/11
  5690 | D:7      | Reached **** piety under Dithmenos
  6201 | D:8      | Identified the +2 pair of boots "Netizo" {rElec}
  6349 | D:8      | Reached skill level 10 in Maces & Flails
  6355 | D:8      | Reached skill level 5 in Armour
  6400 | D:8      | Got Sif Muna's Omnibus of the Enchanting Escort
  6471 | D:8      | Found a runed translucent gate.
  6472 | D:8      | Found a runed translucent gate.
  6473 | D:8      | Found a runed translucent gate.
  6474 | D:8      | Noticed beryleye's ghost (novice TrGl)
  6476 | D:8      | Found a viscous altar of Jiyva.
  6495 | D:8      | Found a sacrificial altar of Ru.
  6632 | D:8      | Reached skill level 5 in Shields
  6758 | D:9      | Reached XP level 10. HP: 89/89 MP: 12/12
  6796 | D:9      | Identified the +1 pair of gloves "Tulun" {Str-4 Dex+8}
  6807 | D:9      | Found Fifupaa's General Store.
  6892 | D:9      | Found a staircase to the Lair.
  6928 | D:9      | Reached skill level 11 in Maces & Flails
  7317 | D:9      | Found a staircase to the Orcish Mines.
  7491 | Lair:1   | Entered Level 1 of the Lair of Beasts
  7560 | Lair:1   | Noticed a cane toad
  7571 | Lair:1   | Killed a cane toad
  7653 | Lair:1   | Found a transporter.
  7667 | Lair:1   | Noticed a cane toad
  7667 | Lair:1   | Noticed a torpor snail
  7682 | Lair:1   | Killed a cane toad
  7683 | Lair:1   | Reached skill level 12 in Maces & Flails
  7688 | Lair:1   | Reached XP level 11. HP: 64/98 MP: 13/13
  8188 | Lair:1   | Reached skill level 13 in Maces & Flails
  8233 | Lair:1   | Found a transporter.
  8317 | Lair:1   | Noticed a fire crab
  8317 | Lair:1   | Noticed a fire crab
  8841 | Lair:2   | Found a staircase to the Swamp.
  8943 | Lair:2   | Found a hole to the Spider Nest.
  9202 | Lair:2   | Reached XP level 12. HP: 109/110 MP: 14/14
  9271 | Lair:2   | Identified the +8 scale mail of the Boiling Point {Harm
                  | *Corrode +Blink Dex+3}
  9500 | Lair:3   | Reached ***** piety under Dithmenos
  9613 | Lair:3   | Reached skill level 14 in Maces & Flails
  9958 | Lair:3   | Reached skill level 10 in Shields
  9984 | Lair:3   | Reached skill level 10 in Fighting
 10729 | D:5      | Bought the +0 mask of the Dragon {Will+ Slay+3 SInv} for
                  | 467 gold pieces
 10729 | D:5      | Found the +0 mask of the Dragon {Will+ Slay+3 SInv}
 10964 | Lair:4   | Noticed a seven-headed hydra
 10969 | Lair:4   | Killed a seven-headed hydra
 11005 | Lair:4   | Learned a level 4 spell: Manifold Assault
 11155 | Lair:4   | Reached skill level 1 in Translocations
 11497 | Lair:4   | Found a staircase to the Slime Pits.
 11647 | Lair:5   | Entered Level 5 of the Lair of Beasts
 11647 | Lair:5   | Noticed a catoblepas
 11661 | Lair:5   | Reached XP level 13. HP: 114/125 MP: 15/15
 11674 | Lair:5   | Noticed Rupert
 11724 | Lair:4   | Reached skill level 5 in Translocations
 12136 | Lair:5   | Found a runed translucent door.
 12190 | Lair:5   | Noticed a fire dragon
 12261 | Lair:5   | Killed Rupert
 12378 | Lair:5   | Reached ****** piety under Dithmenos
 12385 | Lair:5   | Reached skill level 10 in Translocations
 13057 | Lair:5   | Identified a scroll of acquirement
 13057 | Lair:5   | Acquired the +3 eveningstar of the Crawling Thing {vorpal,
                  | Str+6 Int-2}
 13260 | Lair:5   | Reached XP level 14. HP: 84/134 MP: 5/16
 13810 | Orc:1    | Entered Level 1 of the Orcish Mines
 13986 | Orc:1    | Noticed Gastronok
 13992 | Orc:1    | Killed Gastronok
 14134 | Orc:2    | Entered Level 2 of the Orcish Mines
 14136 | Orc:2    | Noticed Jorgrun
 14151 | Orc:1    | Killed from afar by Jorgrun

Illustrated notes

Levels and vault maps discovered:
D:1:      amcnicky_arrival_blooded_trapdoor, layout_loops_corners,
          shapermc_ecumenical_altar_petra
D:2:      layout_loops_corners, chequers_serial_rivers_marsh, st_stairs_8,
          uniq_sigmund
D:3:      layout_basic, lemuel_doored_altar, st_stairs_5
D:4:      layout_rooms, lemuel_coloured_pillars_altar,
          minmay_temple_entry_statues, nicolae_elemental_shop,
          minmay_diced_spiral
D:5:      layout_cave_pools, minmay_shop_grid_forest
D:6:      layout_cave_pods, mainiacjoe_overflow_two_lobes
D:7:      layout_basic, minmay_manual_mail, uniq_pikel
D:8:      layout_gridville, hangedman_ru_absence, gammafunk_ghost_ooze,
          hangedman_incinerator
D:9:      layout_basic, erik_lair_orcish_takeover, minmay_orc_entry_guard_dogs,
          serial_shops, nicolae_take_the_stairs
Lair:1:   gammafunk_cloud_chamber, layout_long_grid, grunt_megastairs_1,
          lemuel_fruit_fields
Lair:2:   layout_regular_city, minmay_swamp_entry_swarm,
          spider_nest_entry_web_field, minivault_19, grunt_megastairs_5,
          infiniplex_staircase_pool_2
Lair:3:   layout_long_grid, lemuel_old_faithful, wad_woods_river_01
Lair:4:   layout_misc_corridors, dpeg_slime_entry_enclosed
Lair:5:   wormcave, layout_misc_corridors, minmay_lair_oklob_items, uniq_rupert
Orc:1:    layout_caves, ebering_ghost_disaster_area, uniq_gastronok
Orc:2:    st_orc_ogre_mass, layout_diamond_mine, ebering_ghost_reflecting_pool,
          uniq_jorgrun

Skill      XL: |  1  2  3  4  5  6  7  8  9 10 11 12 13 |
---------------+----------------------------------------+-----
Maces & Flails | 3 5 6 8 9 10 12 13 14 | 14.1
Fighting       | 2 4 5 6 7 8 11 12 | 12.5
Armour         | 3 5 |  5.0
Shields        | 3 5 7 9 10 | 10.0
Translocations | 3 11 | 11.0
Dodging        | |  1.3
Spellcasting   | |  1.7
Conjurations   | |  2.6

Action                   |  1- 3 |  4- 6 |  7- 9 | 10-12 | 13-15 || total
-------------------------+-------+-------+-------+-------+-------++-------
Melee: Mace              |    54 |   148 |    32 |       |       ||   234
       Tailslap          |     9 |    14 |    36 |   145 |    85 ||   289
       Punch             |       |     1 |       |       |       ||     1
       Flail             |       |       |   179 |   663 |   330 ||  1172
       Morningstar       |       |       |    13 |       |       ||    13
       Eveningstar       |       |       |       |       |    86 ||    86
 Cast: Kiss of Death     |     3 |     5 |       |       |       ||     8
       Manifold Assault  |       |       |       |       |    36 ||    36
Evoke: Wand              |       |       |       |       |     3 ||     3
       Phial of floods   |       |       |       |       |     1 ||     1
  Use: Scroll            |       |       |    18 |     6 |     3 ||    27
       Potion            |       |       |       |       |     1 ||     1
 Stab: Distracted        |       |       |       |     1 |       ||     1
Armor: Leather armour    |    29 |    58 |    28 |       |       ||   115
       Ring mail         |       |       |    69 |   339 |   256 ||   664
Dodge: Dodged            |    27 |    92 |    84 |   192 |   130 ||   525
Block: Kite shield       |       |       |    54 |   386 |   218 ||   658

Table legend: (Time is in decaauts)
 A = Elapsed time spent in this place.
 B = Non-inter-level travel time spent in this place.
 C = Inter-level travel time spent in this place.
 D = Time resting spent in this place.
 E = Time spent auto-exploring this place.
 F = Levels seen in this place.
 G = Mean time per level.
                   A        B        C        D        E       F      G
               +--------+--------+--------+--------+--------+-----+--------+
         Total |  14114 |  13061 |   1053 |    345 |  10180 |  16 |  882.1 |
       Dungeon |   7896 |   7208 |    688 |    222 |   5705 |   9 |  877.3 |
          Lair |   5954 |   5607 |    347 |    123 |   4272 |   5 | 1190.8 |
  Orcish Mines |    263 |    246 |     17 |      0 |    203 |   2 |  131.5 |
               +--------+--------+--------+--------+--------+-----+--------+

Top non-repeatable levels by time:
  Lair:5: 1938 daAuts
  Lair:1: 1150 daAuts
  Lair:3: 1135 daAuts
     D:3: 1075 daAuts
     D:1: 1037 daAuts
     D:6: 1029 daAuts
     D:2: 976 daAuts
  Lair:2: 903 daAuts
     D:9: 895 daAuts
  Lair:4: 827 daAuts
     D:8: 794 daAuts
     D:4: 776 daAuts
     D:7: 688 daAuts
     D:5: 622 daAuts
   Orc:1: 258 daAuts
